 Dungeon Crawl Stone Soup version 0.30-a0-534-gdc55766716 (webtiles) character file.

Game seed: 16262130765823961620

96594 porpoise the Hill Orc Cataclysm (level 16, -19/146 HPs)
             Began as a Hill Orc Monk on Dec 24, 2022.
             Was a High Priest of Qazlal.
             Demolished by a cherub
             ... wielding a +4 scimitar of flaming
              (25 damage)
             ... on level 13 of the Dungeon.
             The game lasted 02:25:55 (29048 turns).

porpoise the Hill Orc Cataclysm (Hill Orc Monk)    Turns: 29048, Time: 02:25:56

Health: -19/146    AC: 25    Str: 20    XL:     16   Next: 17%
Magic:  21/29      EV: 10    Int: 12    God:    Qazlal [*****.]
Gold:   1851       SH: 15    Dex: 13    Spells: 9/15 levels left

rFire   + . .      SeeInvis .    a - +1 broad axe (chaos)
rCold   + . .      Faith    .    C - +2 buckler
rNeg    . . .      Spirit   .    L - +3 chain mail {rF+}
rPois   .          Reflect  .    u - +1 helmet
rElec   .          Harm     .    e - +0 cloak
rCorr   .          Rampage  .    o - +0 pair of gloves
Will    ++...                    E - +2 pair of boots Stlth
                                 T - amulet of regeneration
HPRegen 1.24/turn                j - ring of protection from cold
MPRegen 0.21/turn                q - ring of willpower

@: protected from physical damage, glowing, repel missiles
A: no striking features
a: Renounce Religion, Upheaval, Elemental Force, Disaster Area


You were on level 13 of the Dungeon.
You worshipped Qazlal.
Qazlal was extremely pleased with you.
You visited 4 branches of the dungeon, and saw 21 of its levels.
You also visited: Sewer and Volcano.

You collected 2299 gold pieces.
You spent 448 gold pieces at shops.

Inventory:

Hand Weapons
 a - a +1 broad axe of chaos (weapon)
 b - the +7 double sword "Vouwatovodd" {freeze, Drain rPois rC+ Will+}
   (You found it on level 13 of the Dungeon)

   It freezes those it strikes, dealing additional cold damage.
   It can also slow down cold-blooded creatures.
   rC:        It protects you from cold.
   rPois:     It protects you from poison.
   Drain:     It drains your maximum health when unequipped.
   Will:      It increases your willpower.
 S - a +4 flail of protection
 Y - a +2 antimagic war axe
Missiles
 H - 18 boomerangs (quivered)
Armour
 e - a +0 cloak (worn)
 o - a +0 pair of gloves (worn)
 u - a +1 helmet (worn)
 C - a +2 buckler (worn)
 E - a +2 pair of boots (worn)
 L - a +3 chain mail of fire resistance (worn)
Jewellery
 j - a ring of protection from cold (left hand)
 q - a ring of willpower (right hand)
 y - a ring of see invisible
 A - a ring of resist corrosion
 T - an amulet of regeneration (around neck)
Wands
 d - a wand of acid (5)
 f - a wand of flame (72)
 G - a wand of paralysis (24)
 I - a wand of iceblast (10)
 M - a wand of mindburst (23)
 V - a wand of polymorph (15)
Scrolls
 m - a scroll of butterflies
 p - 5 scrolls of teleportation
 r - 6 scrolls of poison
 t - 3 scrolls of vulnerability
 B - 2 scrolls of magic mapping
 D - a scroll of identify
 F - 4 scrolls of fear
 O - 3 scrolls of fog
Potions
 c - 4 potions of attraction
 g - 5 potions of cancellation
 i - 3 potions of curing
 n - 10 potions of lignification
 v - 2 potions of ambrosia
Miscellaneous
 N - a tin of tremorstones (2/2)


   Skills:
 - Level 14.0 Fighting
 * Level 8.3 Long Blades
 - Level 16.0 Axes
 - Level 6.0 Throwing
 - Level 9.0 Armour
 - Level 7.0 Dodging
 - Level 1.5 Stealth
 - Level 8.1 Shields
 + Level 19.6 Invocations
 - Level 6.2 Evocations


You had 9 spell levels left.
You knew the following spells:

 Your Spells              Type           Power      Damage    Failure   Level
a - Manifold Assault      Tloc           0%         N/A       100%        4
k - Blink                 Tloc           0%         N/A       99%         2

Your spell library contained the following spells:

 Spells                   Type           Power      Damage    Failure   Level
 Necrotise                Necr           0%         1d4       97%         1
 Shock                    Conj/Air       0%         1d3       97%         1
 Sting                    Tmut/Pois      0%         1d3       97%         1
 Ensorcelled Hibernation  Hex/Ice        0%         N/A       99%         2
 Poisonous Vapours        Pois/Air       0%         N/A       99%         2
 Scorch                   Fire           0%         2d5       99%         2
 Static Discharge         Conj/Air       0%         2-2/arc   99%         2
 Sublimation of Blood     Necr           0%         N/A       99%         2
 Ignite Poison            Fire/Tmut/Pois 0%         N/A       100%        3
 Kindle Blastsparks       Fire/Tloc/Air  0%         2d10      100%        3
 Ozocubu's Armour         Ice            0%         N/A       100%        3
 Tukima's Dance           Hex            0%         N/A       100%        3
 Vampiric Draining        Necr           0%         2d6       100%        3
 Flame Wave               Conj/Fire      0%         2d4       100%        4
 Olgreb's Toxic Radiance  Pois           0%         N/A       100%        4
 Passage of Golubria      Tloc           0%         N/A       100%        4
 Petrify                  Tmut/Erth      0%         N/A       100%        4
 Sticky Flame             Conj/Fire      0%         2d3       100%        4
 Agony                    Necr           0%         N/A       100%        5
 Freezing Cloud           Conj/Ice/Air   0%         6-21      100%        5
 Irradiate                Conj/Tmut      0%         3d11      100%        5
 Iskenderun's Battlesphe  Conj           0%         2d6       100%        5
 Metabolic Englaciation   Hex/Ice        0%         N/A       100%        5
 Yara's Violent Unravell  Hex/Tmut       0%         3d3       100%        5
 Simulacrum               Ice/Necr       0%         N/A       100%        6
 Summon Cactus Giant      Summ           0%         N/A       100%        6
 Ozocubu's Refrigeration  Ice            0%         4d7       100%        7
 Spellforged Servitor     Conj/Summ      0%         N/A       100%        7
 Storm Form               Tmut/Air       0%         N/A       100%        7
 Chain Lightning          Conj/Air       0%         N/A       100%        9
 Fire Storm               Conj/Fire      0%         5d1       100%        9
 Polar Vortex             Ice            0%         N/A       100%        9
 Shatter                  Erth           0%         3d5*      100%        9


Dungeon Overview and Level Annotations

Branches:
Dungeon (13/15)            Temple (1/1) D:5            Lair (5/5) D:8
  Swamp (0/4) Lair:3        Snake (0/4) Lair:2        Slime (0/5) Lair:4
    Orc (2/2) D:10            Elf (0/3) Orc:2         Sewer (visited)
Volcano (visited)
 Vaults: D:13-14

Altars:
Ashenzari
Dithmenos
Elyvilon
Fedhas
Gozag
Kikubaaqudgha
Makhleb
Nemelex Xobeh
Qazlal
Ru
Sif Muna
Trog
Uskayaw
Vehumet
Wu Jian
Xom
Zin
The Shining One
Beogh
Jiyva
Lugonu

Shops:
D:5 (   D:11 :   D:13 [   Orc:1 :   Orc:2 *[![?

Portals:
Abyss: Lair:5


Message History

You feel less confused.
Your earth elemental disappears in a puff of smoke!
Your fire elemental disappears in a puff of smoke!
The cherub hits your earth elemental with a +4 scimitar of flaming!!
The cherub barely misses your earth elemental.
You block the cherub's attack. The cherub hits you but does no damage.
Activating: Elemental Force (0% risk of failure)
Press: ? - help, Dir - look around, f - activate
Okay, then.
Activating: Disaster Area (0% risk of failure)
Press: ? - help, Dir - look around, f - activate
There are friendlies around; are you sure you want to hurt them?
Okay, then.
Unknown command.
Cast which spell? (? or * to list)
You don't know that spell.
Cast which spell? (? or * to list)
Okay, then.
Unknown command.
Unknown command.
Activating: Disaster Area (0% risk of failure)
Press: ? - help, Dir - look around, f - activate
There are friendlies around; are you sure you want to hurt them?
Nature churns violently around you!
The blast of magma engulfs the withered plant!!!
The withered plant begins to crumble.
The withered plant is moderately damaged.
The cutting wind hits the withered plant!!
The withered plant is moderately damaged.
The cherub hits your earth elemental with a +4 scimitar of flaming!!!
Your earth elemental is destroyed!
Your earth elemental disappears in a puff of smoke!
The cherub hits you with a +1 flail of flaming!!
* * * LOW HITPOINT WARNING * * *
You feel more protected from physical attacks.
The cherub burns you.
* * * LOW HITPOINT WARNING * * *
The cherub hits you but does no damage.
The cherub hits you with a +4 scimitar of flaming!!
You die...

#..# #.............# #......
##..######...>.........####......
.A...............................
......§..................>.......
.####..#####..####..####..#######
.##§.§§.§# #A○ #..# #..#
..§§§~..P# #°○ #[.# #..#
..#§§~~.§# #§§####°.####..#######
...P§~~~P# #.§§A@.§.#............
...P~~~~.# #.§☼A§.§.§............
.##......###.§####..#P≈...#######
.####.....≈...# #..#.....# .#
#.........# #..####..#
.####....≈....# #..####..#
..............####........#
..........................#######
#####............................


You could see 2 cherubim.

Vanquished Creatures
  Jorgrun (Orc:2)
  Donald (Orc:1)
  An orc warlord (Orc:1)
  Snorg (Orc:2)
  A fire dragon (Volcano)
  5 hydras
  A two-headed ogre (D:12)
  2 catoblepae (Lair:3)
  3 centaur warriors
  2 boulder beetles
  6 dancing weapons
  12 death yaks
  2 thrashing horrors (Lair:5)
  Sonja (Orc:2)
  3 soul eaters (D:9)
  4 sun demons (Volcano)
  The ghost of greenreed the Zephyrmancer, a novice TeAE of Vehumet (D:10)
  A skeletal warrior (D:13)
  A deep elf archer (D:13)
  A lindwurm (Lair:4)
  5 orc knights
  Pikel (D:7)
  An orc sorcerer (Orc:1)
  3 deep elf zephyrmancers (D:13)
  A manticore (D:13)
  6 cyclopes
  2 ugly things (Lair:5)
  7 centaur zombies (D:13)
  A manticore (shapeshifter) (Lair:5)
  20 elephants
  Maurice (D:13)
  6 black mambas
  16 cane toads
  4 rime drakes
  Maggie (D:6)
  A gargoyle (D:10)
  A smoke demon (Volcano)
  An unseen horror (D:13)
  4 centaur skeletons (D:13)
  3 kobold demonologists
  3 yaktaurs (D:13)
  2 ancient zymes (Lair:5)
  A hellwing (D:9)
  11 komodo dragons
  2 ice devils (D:9)
  A tyrant leech (Lair:3)
  6 trolls
  3 large abominations (Lair:5)
  Prince Ribbit (D:6)
  A blink frog (shapeshifter) (Lair:5)
  5 slime creatures (D:10)
  3 meliai zombies (D:13)
  18 blink frogs
  A culicivora (shapeshifter) (Lair:5)
  A spriggan (Lair:5)
  3 shadows
  4 wraiths
  5 wyverns
  3 vampires (D:13)
  25 yaks
  3 ynoxinuls
  4 steam dragons
  11 basilisks
  Grum (Lair:1)
  5 chaos spawn
  10 small abominations (Lair:5)
  A neqoxec (D:9)
  Edmund (D:6)
  2 wargs (Orc:1)
  A swamp worm (Lair:3)
  A naga (Lair:2)
  An acid dragon (D:12)
  17 water moccasins
  3 hell hounds
  2 sky beasts (D:6)
  5 ice beasts
  45 orc warriors
  A black bear (Lair:3)
  2 ogres
  11 wolves
  11 centaurs
  2 lemures (D:7)
  18 bullfrogs
  2 kobold brigands
  2 scorpions (D:5)
  2 gnoll sergeants
  A necrophage (D:6)
  8 wights
  A killer bee (D:11)
  An electric eel (Lair:5)
  2 howler monkeys
  A quasit (D:9)
  Crazy Yiuf (D:6)
  5 hounds
  6 jellies
  21 orc priests
  Jessica (D:2)
  A gnoll bouda (Orc:1)
  5 iguanas
  Natasha (thrice) (D:2)
  25 orc wizards
  A hell rat (Sewer)
  Robin (D:2)
  13 gnolls
  4 river rats
  5 adders
  2 shadow imps (D:6)
  2 white imps (D:6)
  5 dart slugs
  114 orcs
  4 bats
  13 endoplasms
  4 giant cockroaches
  10 hobgoblins
  20 kobolds
  5 quokkas
  6 ball pythons
  4 frilled lizards
  11 goblins
  An orc zombie (Orc:2)
  10 rats
715 creatures vanquished.

Vanquished Creatures (collateral kills)
  The ghost of arthad the Fighter, a novice OgBe of Trog (D:9)
  A dancing weapon (D:13)
  3 elephants (Lair:5)
5 creatures vanquished.

Vanquished Creatures (others)
  An orc wizard (Orc:1)
  2 orcs
  12 demonic plants (D:9)
  24 fungi
  37 plants
  7 toadstools (D:4)
83 creatures vanquished.

Grand Total: 803 creatures vanquished

Notes
Turn   | Place    | Note
-------+----------+-------------------------------------------
     0 | D:1      | porpoise the Hill Orc Monk began the quest for the Orb.
     0 | D:1      | Reached XP level 1. HP: 19/19 MP: 1/1
   179 | D:1      | Reached XP level 2. HP: 18/27 MP: 2/2
   401 | D:1      | Reached skill level 5 in Axes
   401 | D:1      | Reached XP level 3. HP: 17/33 MP: 3/3
   935 | D:2      | Noticed Jessica
   943 | D:2      | Killed Jessica
   944 | D:2      | Reached XP level 4. HP: 41/41 MP: 4/4
  1351 | D:2      | Noticed Natasha
  1367 | D:2      | Killed Natasha
  1368 | D:2      | Reached XP level 5. HP: 16/47 MP: 5/5
  1468 | D:2      | Noticed Natasha
  1514 | D:2      | Killed Natasha
  1515 | D:2      | Reached skill level 5 in Fighting
  1609 | D:2      | Noticed Robin
  1621 | D:2      | Killed Robin
  1853 | D:2      | Noticed Natasha
  1866 | D:2      | Killed Natasha
  2145 | D:3      | Reached XP level 6. HP: 45/56 MP: 6/6
  3351 | D:4      | Reached skill level 1 in Shields
  3351 | D:4      | Reached XP level 7. HP: 63/63 MP: 7/7
  3927 | D:5      | Entered Level 5 of the Dungeon
  4147 | D:5      | Found a glowing drain.
  4153 | Sewer    | Entered a sewer
  5133 | D:5      | Reached XP level 8. HP: 67/73 MP: 8/8
  5157 | D:5      | Found a staircase to the Ecumenical Temple.
  5158 | D:5      | Found Qillad's Antique Weapon Shoppe.
  5559 | D:6      | Noticed Maggie
  5576 | D:6      | Reached skill level 10 in Axes
  5593 | D:6      | Killed Maggie
  5594 | D:6      | Reached skill level 5 in Shields
  5729 | D:6      | Reached XP level 9. HP: 64/82 MP: 9/9
  5806 | D:6      | Noticed Prince Ribbit
  5870 | D:6      | Killed Prince Ribbit
  6009 | D:6      | Reached skill level 1 in Armour
  6394 | D:6      | Found a runed translucent door.
  6395 | D:6      | Noticed Crazy Yiuf
  6401 | D:6      | Killed Crazy Yiuf
  6632 | D:6      | Noticed Edmund
  6652 | D:6      | Killed Edmund
  6801 | D:6      | Found a shimmering altar of Xom.
  6840 | D:6      | Learned a level 2 spell: Blink
  6845 | D:6      | Learned a level 4 spell: Manifold Assault
  7037 | D:7      | Noticed Pikel
  7054 | D:7      | Killed Pikel
  7055 | D:7      | Reached skill level 5 in Armour
  7055 | D:7      | Reached XP level 10. HP: 80/91 MP: 10/10
  7974 | D:8      | Got the Tome of the Salvo
  8071 | Temple   | Entered the Ecumenical Temple
  8115 | Temple   | Became a worshipper of Qazlal Stormbringer
  8115 | Temple   | Reached * piety under Qazlal
  8115 | Temple   | Reached ** piety under Qazlal
  8258 | D:8      | Found a hide-covered altar of Uskayaw.
  8266 | D:8      | Found a glowing silver altar of Zin.
  8497 | D:8      | Found a staircase to the Lair.
  8497 | D:8      | Noticed an elephant
  8522 | D:8      | Killed an elephant
  8696 | D:8      | Reached skill level 1 in Invocations
  8986 | D:8      | Reached skill level 2 in Invocations
  9032 | D:8      | Reached skill level 15 in Axes
  9293 | D:9      | Reached skill level 3 in Invocations
  9456 | D:9      | Found a broken altar of Ashenzari.
  9553 | D:9      | Reached skill level 4 in Invocations
  9579 | D:9      | Reached skill level 5 in Invocations
  9579 | D:9      | Reached XP level 11. HP: 84/97 MP: 14/14
  9655 | D:9      | Noticed a cyclops
  9667 | D:9      | Killed a cyclops
  9670 | D:9      | Reached skill level 6 in Invocations
  9991 | D:9      | You fall into a shaft and drop 2 floors!
  9996 | D:10     | Entered Level 10 of the Dungeon
 10009 | D:10     | Reached *** piety under Qazlal
 10110 | D:9      | Noticed arthad's ghost (novice OgBe)
 10110 | D:9      | Noticed a nine-headed hydra
 10110 | D:9      | Found a runed translucent gate.
 10110 | D:9      | Found a runed translucent gate.
 10110 | D:9      | Found a runed translucent gate.
 10193 | D:9      | Noticed a soul eater
 10194 | D:9      | Reached skill level 7 in Invocations
 10210 | D:9      | Noticed a soul eater
 10215 | D:9      | Killed a soul eater
 10266 | D:9      | Killed a soul eater
 10762 | D:9      | Found a glowing golden altar of the Shining One.
 10806 | D:9      | Noticed a soul eater
 11515 | D:9      | Killed a soul eater
 11516 | D:9      | Reached skill level 10 in Fighting
 11516 | D:9      | Reached skill level 8 in Invocations
 12179 | D:10     | Found a sacrificial altar of Ru.
 12180 | D:10     | Found a sparkling altar of Nemelex Xobeh.
 12232 | D:10     | Found a staircase to the Orcish Mines.
 12246 | D:10     | Found a roughly hewn altar of Beogh.
 12395 | D:10     | Reached skill level 9 in Invocations
 12445 | D:10     | Found a runed translucent door.
 12445 | D:10     | Found a shimmering altar of Xom.
 12445 | D:10     | Noticed greenreed's ghost (novice TeAE)
 12445 | D:10     | Noticed a +1 broad axe of chaos
 12858 | Lair:1   | Entered Level 1 of the Lair of Beasts
 12878 | Lair:1   | Reached **** piety under Qazlal
 12890 | Lair:1   | Reached XP level 12. HP: 108/108 MP: 18/18
 12932 | Lair:1   | Reached skill level 5 in Dodging
 12950 | Lair:1   | Noticed Grum
 12975 | Lair:1   | Killed Grum
 13064 | Lair:1   | Reached skill level 1 in Evocations
 13411 | Lair:1   | Reached skill level 10 in Invocations
 14953 | D:11     | Found Faipeiwn's Book Boutique.
 15199 | D:12     | Noticed a two-headed ogre
 15220 | D:12     | Killed a two-headed ogre
 15221 | D:12     | Reached skill level 11 in Invocations
 15986 | D:12     | Reached ***** piety under Qazlal
 15995 | D:12     | Reached skill level 5 in Evocations
 16229 | D:12     | Noticed a boulder beetle
 16235 | D:12     | Killed a boulder beetle
 16626 | Lair:2   | Reached skill level 12 in Invocations
 16634 | Lair:2   | Reached XP level 13. HP: 84/118 MP: 22/22
 17007 | Lair:2   | Found a staircase to the Snake Pit.
 17493 | Lair:2   | Reached skill level 13 in Invocations
 17861 | Lair:3   | Reached skill level 1 in Throwing
 18873 | Lair:3   | Reached skill level 14 in Invocations
 19069 | Lair:3   | Got Ofiehuf's Compendium of Hypothermia and Guile
 19072 | Lair:3   | Identified the +6 dagger "Saocorhe" {spect, *Slow rF+ Str+9
                  | SInv}
 19626 | Lair:3   | Reached skill level 5 in Throwing
 19626 | Lair:3   | Reached XP level 14. HP: 91/126 MP: 25/25
 19710 | Lair:3   | Upgraded the game from 0.30-a0-528-g8c47a4955b to
                  | 0.30-a0-534-gdc55766716
 20365 | Lair:3   | Found a staircase to the Swamp.
 20904 | Lair:4   | Reached skill level 15 in Invocations
 21021 | Lair:4   | Found a dark tunnel.
 21030 | Volcano  | Entered a volcano
 21107 | Volcano  | HP: 5/126 [sun demon (19)]
 22392 | Lair:4   | Identified the +1 sling of the Hungering Fool {drain, Fly}
 22441 | Lair:4   | Found a viscous altar of Jiyva.
 22441 | Lair:4   | Found a staircase to the Slime Pits.
 22634 | Lair:5   | Entered Level 5 of the Lair of Beasts
 22985 | Lair:5   | Reached ****** piety under Qazlal
 22986 | Lair:5   | Reached skill level 16 in Invocations
 23311 | Lair:5   | Reached skill level 17 in Invocations
 23379 | Lair:5   | Reached XP level 15. HP: 134/137 MP: 27/27
 23582 | Lair:5   | Found the +8 demon blade "Leech" {vamp, Harm Drain rN+}
 23882 | Lair:5   | Reached skill level 18 in Invocations
 24657 | Lair:5   | Found a corrupted altar of Lugonu.
 24657 | Lair:5   | Found a one-way gate to the infinite horrors of the Abyss.
 25156 | D:9      | Killed arthad's ghost
 25223 | D:10     | Killed greenreed's ghost
 25442 | D:13     | Found a large runed translucent door.
 25444 | D:13     | Found a large runed translucent door.
 25573 | D:13     | Identified the +7 double sword "Vouwatovodd" {freeze, Drain
                  | rPois rC+ Will+}
 25601 | D:13     | Noticed Maurice
 25613 | D:13     | Reached skill level 1 in Long Blades
 25616 | D:13     | Killed Maurice
 25803 | D:13     | Found Bocaab's Antique Armour Boutique.
 25833 | D:13     | Reached skill level 19 in Invocations
 26083 | D:13     | Reached skill level 5 in Long Blades
 26415 | Orc:1    | Entered Level 1 of the Orcish Mines
 26415 | Orc:1    | Noticed an orc warlord
 26422 | Orc:1    | Found Siolak's Self-Improvement Boutique.
 26437 | Orc:1    | Killed an orc warlord
 26798 | Orc:1    | Found a roughly hewn altar of Beogh.
 26838 | Orc:2    | Entered Level 2 of the Orcish Mines
 26869 | Orc:2    | Noticed Donald
 26931 | Orc:1    | Killed Donald
 27303 | Orc:2    | Noticed Sonja
 27309 | Orc:2    | Killed Sonja
 27310 | Orc:2    | Reached XP level 16. HP: 52/146 MP: 20/29
 27402 | Orc:2    | Noticed Jorgrun
 27418 | Orc:2    | Killed Jorgrun
 28136 | Orc:2    | Noticed Snorg
 28155 | Orc:2    | Killed Snorg
 28187 | Orc:2    | Found Tiob's General Store.
 28195 | Orc:2    | Bought a potion of cancellation for 112 gold pieces
 28240 | Orc:2    | Found a staircase to the Elven Halls.
 28440 | Orc:2    | Found Weirhin's Armour Shop.
 28440 | Orc:2    | Found Myhaextu's Distillery.
 28525 | Orc:2    | Found Zalorac's Armour Shoppe.
 28527 | Orc:2    | Found Ampaba's Magic Scroll Boutique.
 28609 | Orc:2    | Bought a potion of ambrosia for 96 gold pieces
 28609 | Orc:2    | Bought a potion of resistance for 120 gold pieces
 28609 | Orc:2    | Bought a potion of haste for 120 gold pieces
 29048 | D:13     | HP: 6/146 [cherub/+1 flail of flaming (4)]
 29048 | D:13     | Demolished by a cherub

Illustrated notes

Levels and vault maps discovered:
D:1:      wander_arrival_chamber, layout_basic
D:2:      layout_loops_ring, uniq_natasha, uniq_robin, uniq_jessica
D:3:      layout_rooms
D:4:      cheibrodos_fertilizer, layout_basic,
          nicolae_concentric_dashed_squares_wild, minmay_bisected
D:5:      layout_gridville, minmay_temple_entry_from_below_a, serial_shops,
          nicolae_shop_statue_plus, gup_sewer_entry_bubbles
D:6:      layout_loops_ring, minmay_ruined_shrine, uniq_prince_ribbit1,
          uniq_crazy_yiuf_cottage, uniq_maggie, uniq_edmund
D:7:      layout_loops_cross, uniq_pikel
D:8:      layout_basic, mainiacjoe_overflow_big_doors, david_lair_generic
D:9:      layout_small_grid, mainiacjoe_overflow_six_doors_small,
          mainiacjoe_overflow_brackets, gammafunk_ghost_hydra_chop,
          serial_demonic, serial_demonic_c, serial_demonic_d, serial_demonic_e,
          serial_demonic_b, serial_demonic_c, serial_demonic_f,
          serial_demonic_c, serial_demonic_g
D:10:     layout_rooms, mainiacjoe_overflow_divided_tiny,
          minmay_orc_entry_temple_small, ebering_ghost_xom,
          kennysheep_generic_room_11
D:11:     minmay_evil_eye, layout_small_grid, serial_shops,
          nicolae_inconvenience_store, hangedman_decor_clover_reticule
D:12:     layout_roguey [special_room_orc]
D:13:     doesnt_quadruple_sword, layout_small_grid,
          hangedman_vaults_entry_quadrant_bands, serial_undead, serial_undead_f,
          serial_undead_b, serial_undead_d, serial_undead_a, serial_undead_f,
          serial_undead_e, serial_shops, shop, pf_eden, uniq_maurice
Temple:   kb_temple_of_zot
Lair:1:   layout_roguey, uniq_grum
Lair:2:   layout_cellular_growth, guppyfry_snake_entry_island,
          infiniplex_staircase_pool
Lair:3:   nzn_winding_woodlands_cross [nzn_winding_woodlands_5x15_jagged,
          nzn_winding_woodlands_5x15_pool,
          nzn_winding_woodlands_5x15_pathside_ponds,
          nzn_winding_woodlands_5x15_concentric,
          nzn_winding_woodlands_15x15_thick_spiral], layout_layer_cave,
          minmay_swamp_entry_worms
Lair:4:   layout_loops_ring, dpeg_slime_entry_enclosed, enter_volcano_3
Lair:5:   hellmonk_lair_end_abyssal_woods, layout_hall_layers,
          lemuel_fruit_tree, lemuel_fruit_fields, serial_bayou_shore_a
Orc:1:    layout_caves, basic_altar, nicolae_shop_self_help
Orc:2:    st_orc_rangers, layout_diamond_mine, serial_shops, shop,
          mines_bat_river, uniq_sonja, uniq_snorg, uniq_jorgrun, uniq_donald

Skill      XL: |  1  2  3  4  5  6  7  8  9 10 11 12 13 14 15 16 |
---------------+-------------------------------------------------+-----
Fighting       | 4 5 6 7 8 9 10 12 13 14 | 14.0
Axes           | 5 6 7 8 9 10 13 15 16 | 16.0
Shields        | 1 3 5 7 8 |  8.1
Armour         | 5 7 8 9 |  9.0
Invocations    | 5 9 12 14 17 19 | 19.6
Dodging        | 4 5 7 |  7.0
Evocations     | 5 6 |  6.2
Throwing       | 5 6 |  6.0
Long Blades    | 6 8 |  8.3
Stealth        | |  1.5

Action                   |  1- 3 |  4- 6 |  7- 9 | 10-12 | 13-15 | 16-18 || total
-------------------------+-------+-------+-------+-------+-------+-------++-------
Melee: Hand axe          |    97 |   233 |     8 |       |       |       ||   338
       Punch             |       |     4 |       |       |       |       ||     4
       War axe           |       |       |   326 |   807 |   976 |       ||  2109
       Flail             |       |       |       |       |    26 |       ||    26
       Dagger            |       |       |       |       |    18 |       ||    18
       Broad axe         |       |       |       |       |   127 |    90 ||   217
 Fire: Sling             |       |       |       |       |    39 |       ||    39
Throw: Dart              |       |     4 |    29 |    12 |       |       ||    45
       Boomerang         |       |       |       |    16 |     4 |     9 ||    29
Invok: Elemental Force   |       |       |       |       |     4 |     1 ||     5
       Disaster Area     |       |       |       |       |     1 |     2 ||     3
       Upheaval          |       |       |       |       |     1 |       ||     1
Evoke: Wand              |       |       |     1 |     5 |     5 |    10 ||    21
       Tin of tremorston |       |       |       |       |     2 |       ||     2
  Use: Potion            |     1 |       |     7 |    13 |    11 |     3 ||    35
       Scroll            |       |     6 |    11 |    12 |     9 |     1 ||    39
 Stab: Sleeping          |     1 |     3 |     1 |       |       |       ||     5
       Petrified         |       |       |       |       |    13 |       ||    13
       Petrifying        |       |       |       |       |     1 |       ||     1
       Distracted        |       |       |       |       |     2 |       ||     2
       Paralysed         |       |       |       |       |     2 |       ||     2
       Invisible         |       |       |       |       |     4 |       ||     4
       Confused          |       |       |       |       |     2 |       ||     2
Armor: Robe              |     4 |       |       |       |       |       ||     4
       Leather armour    |    10 |    24 |       |       |       |       ||    34
       Scale mail        |       |    13 |       |       |       |       ||    13
       Ring mail         |       |       |    52 |    94 |   221 |       ||   367
       Acid dragon scale |       |       |    14 |    38 |       |       ||    52
       Skin              |       |       |       |     3 |       |       ||     3
       Chain mail        |       |       |       |       |   216 |    54 ||   270
Dodge: Dodged            |    45 |    65 |    68 |   166 |   415 |    42 ||   801
       Repelled          |       |       |       |       |     5 |       ||     5
Block: Other             |     3 |    39 |       |       |       |       ||    42
       Buckler           |       |     1 |   137 |   487 |  1033 |   104 ||  1762
       Reflection        |       |     1 |     3 |    13 |     2 |       ||    19

Table legend: (Time is in decaauts)
 A = Elapsed time spent in this place.
 B = Non-inter-level travel time spent in this place.
 C = Inter-level travel time spent in this place.
 D = Time resting spent in this place.
 E = Time spent auto-exploring this place.
 F = Levels seen in this place.
 G = Mean time per level.
                   A        B        C        D        E       F      G
               +--------+--------+--------+--------+--------+-----+--------+
         Total |  28569 |  27039 |   1530 |   9726 |  11457 |  23 | 1242.1 |
       Dungeon |  16277 |  15350 |    927 |   5556 |   6365 |  13 | 1252.1 |
        Temple |     73 |     44 |     29 |      0 |     32 |   1 |   73.0 |
          Lair |   8910 |   8542 |    368 |   2858 |   4062 |   5 | 1782.0 |
  Orcish Mines |   2106 |   1901 |    205 |    567 |    852 |   2 | 1053.0 |
         Sewer |    313 |    313 |      0 |    200 |      0 |   1 |  313.0 |
       Volcano |    886 |    886 |      0 |    544 |    145 |   1 |  886.0 |
               +--------+--------+--------+--------+--------+-----+--------+

Top non-repeatable levels by time:
  Lair:3: 2912 daAuts
     D:9: 2270 daAuts
  Lair:5: 2202 daAuts
  Lair:1: 1664 daAuts
     D:8: 1538 daAuts
     D:6: 1513 daAuts
     D:4: 1425 daAuts
    D:10: 1423 daAuts
     D:5: 1309 daAuts
    D:12: 1286 daAuts
  Lair:2: 1244 daAuts
    D:11: 1207 daAuts
   Orc:2: 1123 daAuts
     D:2: 1067 daAuts
   Orc:1: 983 daAuts
